 Dungeon Crawl Stone Soup version 0.18.1-48-g4cf74bf (webtiles) character file.

745 Jerry the Slasher (level 7, -2/53 HPs)
             Began as a Demigod Gladiator on Aug 6, 2016.
             Slain by an orc warrior
             ... wielding a +0 war axe
              (19 damage)
             ... on level 6 of the Dungeon.
             The game lasted 00:17:07 (4907 turns).

Jerry the Slasher (Demigod Gladiator)               Turns: 4907, Time: 00:17:07

Health: -2/53      AC:  5    Str: 18    XL:     7   Next: 23%
Magic:  13/13      EV: 17    Int: 14    God:
Gold:   376        SH:  0    Dex: 18    Spells: 1 memorised, 6 levels left

rFire  . . .     SeeInvis .     m - +1 short sword (venom)
rCold  . . .     Gourm    .     b - +0 leather armour
rNeg   . . .     Faith    .     (no shield)
rPois  +         Spirit   .     (helmet restricted)
rElec  .         Dismiss  .     (no cloak)
rCorr  .         Reflect  .     y - +1 pair of gloves
SustAt +         Harm     .     (no boots)
MR     .....                    (no amulet)
Stlth  +.........               t - +3 ring of evasion
                                j - ring of poison resistance

@: not resistant to hostile enchantments, very unstealthy
A: horns 1, high mp 2, wild magic 2, sustain attributes
a: no special abilities


You were on level 6 of the Dungeon.
You were not hungry.

You visited 1 branch of the dungeon, and saw 6 of its levels.

You collected 376 gold pieces.

Inventory:

Hand Weapons
 a - a +0 long sword
 m - a +1 short sword of venom (weapon)
 r - a +0 hunting sling
Missiles
 d - 3 throwing nets (quivered)
 D - 3 tomahawks
Armour
 b - a +0 leather armour (worn)
 c - a +0 helmet
 p - a +0 shield
 y - a +1 pair of gloves (worn)
Jewellery
 j - a ring of poison resistance (left hand)
 n - an uncursed ring of protection from cold
 t - a +3 ring of evasion (right hand)
 H - an uncursed ring of flight
Wands
 l - a wand of flame (19/48)
 o - a wand of enslavement (15/24)
 G - a wand of confusion (22/48)
Scrolls
 h - 2 scrolls of remove curse
 i - a scroll of enchant armour
 q - 2 scrolls of teleportation
 s - 2 scrolls of identify
 u - a scroll of fear
 x - a scroll of fog
Potions
 g - 2 potions of curing {unknown}
 z - 5 potions of heal wounds
 B - 2 potions of might {unknown}
 F - a potion of agility {unknown}
 I - 3 potions of haste {unknown}
Books
 e - a book of Clouds

   Spells                             Type                      Level
   a - Mephitic Cloud                 Conjuration/Poison/Air       3
   b - Conjure Flame                  Conjuration/Fire             3
   c - Poisonous Cloud                Conjuration/Poison/Air       6
   d - Freezing Cloud                 Conjuration/Ice/Air          6
   e - Ring of Flames                 Charms/Fire                  7
 w - a book of Flames

   Spells                             Type                      Level
   a - Flame Tongue                   Conjuration/Fire             1
   b - Throw Flame                    Conjuration/Fire             2
   c - Conjure Flame                  Conjuration/Fire             3
   d - Inner Flame                    Hexes/Fire                   3
   e - Sticky Flame                   Conjuration/Fire             4
   f - Fireball                       Conjuration/Fire             5
 E - Kikubaaqudgha's Tome of Evil
   (You found it on level 4 of the Dungeon)

   Spells                             Type                      Level
   a - Pain                           Necromancy                   1
Comestibles
 f - 5 bread rations
 k - a meat ration
 v - 2 beef jerkies
 A - a slice of pizza
 C - a royal jelly


   Skills:
 - Level 1.7 Fighting
 + Level 5.1 Long Blades
 - Level 1.7 Throwing
 + Level 3.8 Armour
 - Level 4.0 Dodging
 + Level 1.9 Spellcasting
 + Level 2.1 Conjurations


You had 6 spell levels left.
You knew the following spells:

 Your Spells              Type           Power        Failure   Level  Hunger
a - Conjure Flame         Conj/Fire      #.......     75%         3    ####...


Dungeon Overview and Level Annotations

Branches:
Dungeon (6/15)
 Temple: D:4-7

Annotations:
D:6 Pikel


Innate Abilities, Weirdness & Mutations

You have a considerably increased reservoir of magic (+20% MP).
Your attributes are resistant to harm.
You have a pair of small horns on your head.
Your spells are harder to cast, but more powerful.


Message History

You hit the orc warrior but do no damage.
The orc warrior is poisoned.
The orc warrior hits you with a war axe.
You hit the orc warrior.
The orc warrior looks even sicker.
Your headbutt misses the orc warrior.
The orc warrior is lightly wounded.
The orc warrior closely misses you.
You barely miss the orc warrior. You headbutt the orc warrior!
The orc warrior is moderately wounded.
The orc warrior hits you with a war axe!!
You hit the orc warrior but do no damage.
The orc warrior looks even sicker.
The orc warrior is moderately wounded.
You hit the orc warrior.
The orc warrior is heavily wounded.
The orc warrior hits you with a war axe!
You barely miss the orc warrior. You headbutt the orc warrior.
The orc warrior is severely wounded.
The orc warrior hits you with a war axe!!
You die...

..# #....... ).#
#..#...# ..## #.....##
....$ ####z..#..# #####
#####o..z...#.#
#.............#
#.#...........#
######.#...........#
#...@o.#............#
###.#######.........#.#
#...# ##...#...## #
###.### #######.#
###...# ... #...### ##.
#######.### ..>.)...#
...######


You could see an orc warrior.

Vanquished Creatures
  A sky beast (D:6)
  3 slaves (D:6)
  A giant frog (D:6)
  A scorpion (D:4)
  The ghost of Jerry the Ducker, a weakling DgGl (D:3)
  A howler monkey (D:4)
  2 crimson imps (D:6)
  A giant frog zombie (D:5)
  3 orc wizards (D:5)
  2 iguanas
  A worker ant (D:5)
  A gnoll (D:5)
  4 adders
  4 oozes
  An adder skeleton (D:4)
  A worm (D:3)
  3 dart slugs
  4 giant geckos
  12 orcs
  7 bats
  6 giant cockroaches
  9 hobgoblins
  10 jackals
  3 quokkas
  3 ball pythons
  9 giant newts
  9 goblins
  8 kobolds
  A quokka skeleton (D:6)
  13 rats
125 creatures vanquished.

Notes
Turn   | Place    | Note
--------------------------------------------------------------
     0 | D:1      | Jerry the Demigod Gladiator began the quest for the Orb.
     0 | D:1      | Reached XP level 1. HP: 17/17 MP: 3/3
   120 | D:1      | Reached XP level 2. HP: 15/24 MP: 4/4
   513 | D:1      | Reached skill level 3 in Long Blades
   521 | D:1      | Reached skill level 1 in Armour
   933 | D:1      | Reached XP level 3. HP: 29/29 MP: 5/5
  1916 | D:2      | Reached XP level 4. HP: 34/36 MP: 6/6
  2154 | D:3      | Found a bloodstained altar of Trog.
  2347 | D:3      | Found an oddly glowing altar of Pakellas.
  2597 | D:3      | Noticed Jerry's ghost (weakling DgGl)
  2632 | D:3      | Killed Jerry's ghost
  2632 | D:3      | Reached skill level 4 in Long Blades
  2632 | D:3      | Reached XP level 5. HP: 23/41 MP: 7/7
  2812 | D:3      | You fall through a shaft for 2 floors!
  2812 | D:5      | Entered Level 5 of the Dungeon
  3230 | D:4      | Found a stormy altar of Qazlal.
  3582 | D:4      | Found a deep blue altar of Sif Muna.
  3582 | D:4      | Found an ancient bone altar of Kikubaaqudgha.
  3584 | D:4      | Found a radiant altar of Vehumet.
  3587 | D:4      | Identified Kikubaaqudgha's Tome of Evil
  3592 | D:4      | Learned a level 3 spell: Conjure Flame
  3643 | D:4      | Reached XP level 6. HP: 48/48 MP: 8/8
  4057 | D:5      | Gained mutation: Your spells are a little harder to cast, but a little more powerful. [potion of mutation]
  4057 | D:5      | Gained mutation: You have a considerably increased reservoir of magic (+20% MP). [potion of mutation]
  4057 | D:5      | Gained mutation: You have a somewhat thin skeletal structure (Dex +2, Stealth). [potion of mutation]
  4178 | D:5      | Found a shadowy altar of Dithmenos.
  4359 | D:5      | Reached skill level 1 in Conjurations
  4363 | D:5      | Reached skill level 1 in Spellcasting
  4687 | D:6      | Lost mutation: You have a somewhat thin skeletal structure (Dex +2, Stealth). [potion of mutation]
  4687 | D:6      | Gained mutation: Your spells are harder to cast, but more powerful. [potion of mutation]
  4687 | D:6      | Gained mutation: You have a pair of small horns on your head. [potion of mutation]
  4709 | D:6      | Found a shattered altar of Ashenzari.
  4738 | D:6      | Reached skill level 5 in Long Blades
  4738 | D:6      | Reached XP level 7. HP: 53/53 MP: 11/13
  4879 | D:6      | Noticed Pikel
  4907 | D:6      | Slain by an orc warrior

Skill      XL: |  1  2  3  4  5  6  7 |
---------------+----------------------+-----
Dodging        | 3 4 |  4.0
Long Blades    | 3 4 5 |  5.1
Armour         | 1 2 3 |  3.8
Conjurations   | 1 2 |  2.1
Spellcasting   | 1 |  1.9
Fighting       | |  1.7
Throwing       | |  1.7

Action                   |  1- 3 |  4- 6 |  7- 9 || total
-------------------------+-------+-------+-------++-------
Melee: Long sword        |    70 |       |       ||    70
       Short sword       |    71 |   249 |    51 ||   371
       Headbutt          |       |     2 |    13 ||    15
Throw: Throwing net      |       |     1 |       ||     1
  Use: Potion            |       |     4 |       ||     4
       Scroll            |       |    13 |       ||    13
 Stab: Sleeping          |     2 |     3 |       ||     5
       Held in net/web   |       |     1 |       ||     1
  Eat: Chunk             |     3 |     9 |     1 ||    13
Armor: Leather armour    |    33 |    42 |     5 ||    80
Dodge: Dodged            |    82 |   172 |    32 ||   286
